 Dungeon Crawl Stone Soup version 0.30-a0-965-g42e074c17a (webtiles) character file.

Game seed: 2040277118589763196

1248 themarg the Summoner (level 8, 0/52 HPs)
             Began as a Merfolk Summoner on Mar 30, 2023.
             Was an Initiate of Makhleb.
             Killed from afar by Ijyb (15 damage)
             ... with a bolt of light
             ... on level 5 of the Dungeon.
             The game lasted 00:19:04 (6177 turns).

themarg the Summoner (Merfolk Summoner)             Turns: 6177, Time: 00:19:04

Health: 0/52       AC:  4    Str:  8    XL:     8   Next: 50%
Magic:  4/12       EV: 13    Int: 17    God:    Makhleb [......]
Gold:   184        SH:  0    Dex: 20    Spells: 3/13 levels left

rFire   . . .      SeeInvis .    n - +0 trident
rCold   . . .      Faith    .    (no shield)
rNeg    + . .      Spirit   .    a - +0 robe
rPois   .          Reflect  .    (no helmet)
rElec   .          Rampage  .    q - +0 cloak
rCorr   .                        (no gloves)
Will    .....                    h - +0 pair of boots
Stlth   +                        (no amulet)
HPRegen 0.28/turn                m - +6 ring of dexterity
MPRegen 0.13/turn                i - ring of positive energy

@: confused
A: (nimble swimmer 2), mertail
a: Renounce Religion


You were on level 5 of the Dungeon.
You worshipped Makhleb.
Makhleb was noncommittal.
You visited 1 branch of the dungeon, and saw 5 of its levels.
You also visited: Ossuary.

You collected 184 gold pieces.

Inventory:

Hand Weapons
 n - a +0 trident (weapon)
Missiles
 d - 19 stones
 p - 2 throwing nets
 D - a curare-tipped dart
Armour
 a - a +0 robe (worn)
 h - a +0 pair of boots (worn)
 q - a +0 cloak (worn)
Jewellery
 i - a ring of positive energy (right hand)
 m - a +6 ring of dexterity (left hand)
 B - a +6 ring of dexterity
 C - an amulet of guardian spirit
Wands
 c - a wand of roots (14)
 y - a wand of light (5)
Scrolls
 f - a scroll of vulnerability
 g - a scroll of noise {unknown}
 j - 3 scrolls of teleportation
 k - a scroll of amnesia
 l - 2 scrolls of enchant weapon {unknown}
 o - a scroll of enchant armour {unknown}
 r - 5 scrolls of poison {unknown}
 t - 2 scrolls of magic mapping {unknown}
 u - a scroll of identify {unknown}
 E - a scroll of immolation {unknown}
Potions
 b - 4 potions of magic
 e - 2 potions of flight {unknown}
 s - 2 potions of haste
 v - a potion of brilliance {unknown}
 w - 2 potions of degeneration {unknown}
 x - a potion of berserk rage {unknown}
 z - 2 potions of curing
 A - 2 potions of mutation {unknown}


   Skills:
 - Level 2.6 Dodging
 - Level 3.0 Stealth
 - Level 3.0 Spellcasting
 + Level 9.1 Summonings
 - Level 4.0 Air Magic


You had 3 spell levels left.
You knew the following spells:

 Your Spells              Type           Power      Damage    Failure   Level
a - Summon Small Mammal   Summ           100%       N/A       1%          1
b - Call Imp              Summ           33%        N/A       1%          2
c - Call Canine Familiar  Summ           33%        N/A       1%          3
d - Summon Lightning Spi  Summ/Air       24%        N/A       12%         4

Your spell library contained the following spells:

 Spells                   Type           Power      Damage    Failure   Level
 Summon Guardian Golem    Hex/Summ       18%        N/A       9%          3
 Kiss of Death            Conj/Necr      8%         2d6       17%         1
 Sandblast                Erth           4%         2d4       17%         1
 Passwall                 Tmut/Erth      1%         N/A       26%         2
 Confusing Touch          Hex            2%         N/A       45%         3
 Stone Arrow              Conj/Erth      4%         3d7       45%         3
 Dispel Undead            Necr           2%         3d7       86%         4


Dungeon Overview and Level Annotations

Branches:
Dungeon (5/15)            Ossuary (visited)
 Temple: D:4-7

Altars:
Makhleb
Qazlal

Annotations:
D:5 Ijyb


Innate Abilities, Weirdness & Mutations

((You are very nimble when in or above water. (Stealth+, EV+, Speed+++)))
Your lower body shifts to a powerful aquatic tail in water.


Message History

z - 3 bubbling sapphire potions (gained 1) Ijyb the Twisted Goblin comes into view.
She is wielding a +0 dagger and carrying a wand of light (6).
Found a stone staircase leading up.
A beastly little devil appears in a puff of flame.
Ijyb shouts!
Your crimson imp blinks!
Ijyb zaps a wand.
The bolt of light hits you!
You swap places.
Your hound barely misses Ijyb.
Ijyb hits your rat with a +0 dagger.
Your rat dies!
Your rat's corpse disappears in a puff of smoke!
Your hound misses Ijyb.
Your hound barely misses Ijyb.
Ijyb zaps a wand.
The bolt of light hits your quokka!
Your quokka dies!
Your quokka's corpse disappears in a puff of smoke!
The bolt of light hits you!!
Your crimson imp blinks!
Something barely misses your hound. Ijyb screams, "I cut your head off!"
Ijyb misses your hound.
Your hound closely misses Ijyb.
Ijyb zaps a wand.
The bolt of light hits your hound!!
Your hound dies!
Your hound's corpse disappears in a puff of smoke!
The bolt of light hits you!
You are confused.
You're too confused to cast spells.
Okay, then.
It was a potion of curing.
You feel better.
Ijyb zaps a wand.
The bolt of light hits you!
* * * LOW HITPOINT WARNING * * *
Ijyb screams, "Die!"
Your crimson imp blinks!
Your hound bites Ijyb but does no damage. x2
Your hound bites Ijyb.
Your crimson imp barely misses Ijyb.
Your hound barely misses Ijyb.
Ijyb zaps a wand.
The bolt of light hits you!
You are confused.
You die...

##.#.....# #......#
#.#.....# ########
#.#.....# .. #.'.....#
##### #.#####.....#
#...#
##...........####...#
#........#..........#
#........#..........#
#........##@........#
.#.......5g..........#
.........h...........#
#........##.........#
.....####.##.........#
<.... #.##.........#
.... ##############


You could see Ijyb (ally target), a friendly hound (summoned) and a friendly
crimson imp (summoned).

Vanquished Creatures
  A troll (D:5)
  2 water moccasin zombies (Ossuary)
  A jelly (D:4)
  Natasha (D:2)
  Terence (D:2)
  An iguana (D:4)
  A mummy (Ossuary)
  A shadow imp (D:4)
  An adder zombie (Ossuary)
  A dart slug (D:3)
  An orc (D:4)
  2 endoplasms
  A gnoll zombie (Ossuary)
  A goblin (D:1)
  2 hobgoblins (D:3)
  4 jackals (D:1)
  2 kobolds
  3 quokkas
  2 kobold zombies (Ossuary)
  An orc zombie (Ossuary)
30 creatures vanquished.

Vanquished Creatures (collateral kills)
  A kobold brigand (D:5)
  A scorpion (D:4)
  3 water moccasin zombies (Ossuary)
  A jelly (D:4)
  Crazy Yiuf (D:2)
  A sleepcap (D:5)
  An iguana (D:4)
  Natasha (twice) (D:2)
  3 orc wizards
  A mummy (Ossuary)
  7 gnolls
  5 adders
  A shadow imp (D:5)
  An ufetubus (D:5)
  4 adder zombies (Ossuary)
  11 orcs
  5 endoplasms
  3 giant cockroaches
  3 gnoll zombies (Ossuary)
  12 goblins
  6 hobgoblins
  3 jackals (D:3)
  5 kobolds
  2 quokkas
  2 ball pythons (D:2)
  5 bats
  2 frilled lizards (D:3)
  5 hobgoblin zombies (Ossuary)
  2 kobold zombies (Ossuary)
  4 orc zombies (Ossuary)
  3 rats
106 creatures vanquished.

Grand Total: 136 creatures vanquished

Notes
Turn   | Place    | Note
-------+----------+-------------------------------------------
     0 | D:1      | themarg the Merfolk Summoner began the quest for the Orb.
     0 | D:1      | Reached XP level 1. HP: 13/13 MP: 3/3
   497 | D:1      | Reached XP level 2. HP: 19/19 MP: 0/5
   500 | D:1      | Learned a level 2 spell: Call Imp
   644 | D:1      | Found a faded altar of an unknown god.
  1143 | D:1      | Reached XP level 3. HP: 18/24 MP: 4/6
  1603 | D:2      | Noticed Terence
  1744 | D:2      | Learned a level 3 spell: Call Canine Familiar
  1791 | D:2      | Reached skill level 5 in Summonings
  2127 | D:2      | Killed Terence
  2128 | D:2      | Reached XP level 4. HP: 25/30 MP: 0/7
  2343 | D:2      | Noticed Natasha
  2418 | D:2      | Killed Natasha
  2533 | D:2      | Found a runed translucent door.
  2534 | D:2      | Noticed Crazy Yiuf
  2717 | D:2      | Noticed Natasha
  2727 | D:2      | Killed Natasha
  2728 | D:2      | Reached skill level 6 in Summonings
  2728 | D:2      | Reached XP level 5. HP: 35/35 MP: 1/8
  2844 | D:2      | Killed Crazy Yiuf
  2957 | D:2      | Noticed Natasha
  2963 | D:2      | Killed Natasha
  3562 | D:3      | Found a stormy altar of Qazlal.
  3570 | D:3      | Reached XP level 6. HP: 41/41 MP: 5/9
  3584 | D:3      | Reached skill level 7 in Summonings
  4147 | D:4      | Found a sand-covered staircase.
  4157 | Ossuary  | Entered an ossuary
  4394 | Ossuary  | Reached skill level 1 in Air Magic
  4395 | Ossuary  | Reached XP level 7. HP: 46/46 MP: 2/10
  4978 | D:4      | Reached skill level 8 in Summonings
  5571 | D:4      | Reached XP level 8. HP: 50/52 MP: 9/12
  5640 | D:4      | Learned a level 4 spell: Summon Lightning Spire
  5660 | D:5      | Entered Level 5 of the Dungeon
  5746 | D:5      | Found a burning altar of Makhleb.
  5754 | D:5      | Became a worshipper of Makhleb the Destroyer
  5863 | D:5      | Noticed a troll
  5909 | D:5      | Killed a troll
  5910 | D:5      | Reached skill level 9 in Summonings
  6158 | D:5      | Noticed Ijyb
  6177 | D:5      | Killed from afar by Ijyb

Illustrated notes

Levels and vault maps discovered:
D:1:      dpeg_arrival_stone_temple_mockup, layout_basic,
          shapermc_ecumenical_altar_mp_vishouse, minmay_door_square
D:2:      layout_rooms, uniq_natasha, uniq_crazy_yiuf_cottage, uniq_terence
D:3:      layout_loops_cross, nicolae_qazlal_scattered_showers
D:4:      layout_basic, enter_ossuary_3
D:5:      kennysheep_big_flooded_room, layout_basic, mainiacjoe_overflow_paths,
          minmay_temple_entry_trees, uniq_grinder, uniq_ijyb

Skill      XL: |  1  2  3  4  5  6  7  8 |
---------------+-------------------------+-----
Stealth        | 3 |  3.0
Summonings     | 5 6 7 8 9 |  9.1
Air Magic      | 1 3 4 |  4.0
Spellcasting   | 3 |  3.0
Dodging        | |  2.6

Action                     |  1- 3 |  4- 6 |  7- 9 || total
---------------------------+-------+-------+-------++-------
  Melee: Spear             |    56 |       |       ||    56
         Trident           |       |    45 |    62 ||   107
         Punch             |       |     1 |       ||     1
   Cast: Summon Small Mamm |    45 |    26 |    19 ||    90
         Call Imp          |     6 |    22 |    16 ||    44
         Call Canine Famil |     2 |    18 |    20 ||    40
  Evoke: Wand              |       |       |     3 ||     3
    Use: Potion            |       |     3 |     1 ||     4
         Scroll            |       |     3 |       ||     3
   Stab: Distracted        |     3 |       |     3 ||     6
         Sleeping          |       |       |     1 ||     1
         Invisible         |       |       |     1 ||     1
 Armour: Robe              |     3 |     6 |     5 ||    14
  Dodge: Dodged            |    26 |    20 |    33 ||    79

Table legend: (Time is in decaauts)
 A = Elapsed time spent in this place.
 B = Non-inter-level travel time spent in this place.
 C = Inter-level travel time spent in this place.
 D = Time resting spent in this place.
 E = Time spent auto-exploring this place.
 F = Levels seen in this place.
 G = Mean time per level.
                   A        B        C        D        E       F      G
               +--------+--------+--------+--------+--------+-----+--------+
         Total |   6237 |   5934 |    303 |    642 |   3971 |   6 | 1039.5 |
       Dungeon |   5636 |   5333 |    303 |    282 |   3971 |   5 | 1127.2 |
       Ossuary |    600 |    600 |      0 |    360 |      0 |   1 |  600.0 |
               +--------+--------+--------+--------+--------+-----+--------+

Top non-repeatable levels by time:
     D:1: 1892 daAuts
     D:2: 1146 daAuts
     D:3: 1119 daAuts
     D:4: 953 daAuts
 Ossuary: 600 daAuts
     D:5: 524 daAuts
